 Dungeon Crawl Stone Soup version 0.28.0 (webtiles) character file.

Game seed: 17200324059316386874

214 oldriver the Skirmisher (level 6, -2/51 HPs)
             Began as a Formicid Abyssal Knight on Feb 11, 2022.
             Was a Follower of Lugonu.
             Slain by Terence (3 damage)
             ... on level 2 of the Dungeon.
             The game lasted 00:02:49 (2509 turns).

oldriver the Skirmisher (Formicid Abyssal Knight)   Turns: 2509, Time: 00:02:49

Health: -2/51      AC:  3    Str: 20    XL:     6   Next: 15%
Magic:  7/7        EV: 11    Int:  9    God:    Lugonu [*.....]
Gold:   83         SH:  0    Dex: 11    Spells: 5/5 levels left

rFire   . . .      SeeInvis +   a - +1 hand axe
rCold   . . .      Faith    .   (no shield)
rNeg    . . .      Spirit   .   b - +0 leather armour
rPois   .          Reflect  .   (helmet unavailable)
rElec   .          Harm     .   (no cloak)
rCorr   .          Rampage  .   (no gloves)
Will    .....                   (no boots)
Stlth   +.........              (no amulet)
HPRegen 0.17/turn               (no ring)
MPRegen 0.10/turn               (no ring)

@: lethally poisoned (-2 -> -14), attractive
A: permanent stasis, dig shafts and tunnels, antennae 3, four strong arms
a: Dig, Shaft Self, Renounce Religion, Depart the Abyss


You were on level 2 of the Dungeon.
You worshipped Lugonu.
Lugonu was aware of your devotion.
You visited 1 branch of the dungeon, and saw 2 of its levels.
You visited the Abyss 1 time.

You collected 83 gold pieces.

Inventory:

Hand Weapons
 a - a +1 hand axe (weapon)
Missiles
 i - 20 stones (quivered)
Armour
 b - a +0 leather armour (worn)
Wands
 n - a wand of digging (1)
Scrolls
 d - 4 scrolls of blinking {unknown}
 f - a scroll of vulnerability {unknown}
 g - 2 scrolls of teleportation {unknown}
 h - a scroll of holy word {unknown}
 j - 6 scrolls of identify {unknown}
 k - a scroll of enchant armour {unknown}
 l - a scroll of torment {unknown}


   Skills:
 + Level 5.4 Fighting
 + Level 4.4 Axes
 - Level 2.1 Armour
 - Level 0.8 Dodging
 - Level 2.1 Invocations


You had 5 spell levels left.
You didn't know any spells.
Your spell library was empty.

Dungeon Overview and Level Annotations

Branches:
Dungeon (2/15)

Altars:
Hepliaklqana

Annotations:
D:2 Terence


Innate Abilities, Weirdness & Mutations

You cannot be hasted, slowed, berserked, paralysed or teleported.
You can dig through walls and to a lower floor.
You have a pair of large antennae on your head. (SInv)
Your four strong arms can wield two-handed weapons with a shield.


Message History

You hit Terence.
Terence is heavily wounded.
Terence barely misses you.
You closely miss Terence.
Terence is heavily wounded.
Terence misses you.
You hit Terence.
Terence is heavily wounded.
Terence misses you.
You hit Terence.
Terence is severely wounded.
Terence hits you with a +1 trident of venom.
You are poisoned.
You closely miss Terence.
Terence is severely wounded.
You feel sick.
Terence hits you with a +1 trident of venom. x2
You are more poisoned.
You closely miss Terence. Your punch misses Terence.
Terence is severely wounded.
You feel very sick.
Terence hits you with a +1 trident of venom.
* * * LOW HITPOINT WARNING * * *
You are lethally poisoned!
You hit Terence.
Terence is severely wounded.
* * * LOW HITPOINT WARNING * * *
You feel very sick. Terence closely misses you.
You hit Terence but do no damage.
Terence is severely wounded.
* * * LOW HITPOINT WARNING * * *
You feel very sick. Terence barely misses you.
You barely miss Terence.
Terence is severely wounded.
* * * LOW HITPOINT WARNING * * *
You feel very sick.
Terence hits you with a +1 trident of venom.
You die...

#.#.#####.##.## #....
#.# #.#.# #.##.#
....###.#
#.#.#####.##.#
.....##.#
#.........##+#
#.##.##.#
#.###.#####...#
#.##.##.# #.<.#.#
#.....# ##.##.##.#
#...#.# .......##
##........# #.....##
.......?####...##†####
.......+
......@@'.......#.#
#...####
........####...##.#
##..# .......##
##.###.## ##.# #.....#
####.#.## ###.# ##...#
##.###.## #...# ##+#
#.## ##.# #.### #.#
#########.###.## ..#
#.# #........#.#.##
#.#
##.###.######.#..##


You could see Terence.

Vanquished Creatures
  Sigmund (D:2)
  An adder (D:2)
  4 dart slugs
  5 ball pythons
  2 bats
  4 endoplasms
  4 giant cockroaches
  3 goblins (D:2)
  6 hobgoblins
  3 quokkas
  4 frilled lizards
  2 rats
39 creatures vanquished.

Notes
Turn   | Place    | Note
-------+----------+-------------------------------------------
     0 | Abyss:1  | oldriver the Formicid Abyssal Knight began the quest for
                  | the Orb.
     0 | Abyss:1  | Reached XP level 1. HP: 18/18 MP: 2/2
    53 | Abyss:1  | Noticed a small abomination
    64 | Abyss:1  | Noticed a thrashing horror
    67 | D:1      | Escaped the Abyss
   246 | D:1      | Reached XP level 2. HP: 24/24 MP: 3/3
   262 | D:1      | Reached * piety under Lugonu
   267 | D:1      | Found a hazy altar of Hepliaklqana.
   706 | D:1      | Reached XP level 3. HP: 27/30 MP: 4/4
   755 | D:1      | Reached skill level 4 in Fighting
   887 | D:1      | Found a faded altar of an unknown god.
  1785 | D:2      | Reached XP level 4. HP: 17/37 MP: 5/5
  2041 | D:2      | Noticed Sigmund
  2081 | D:2      | Killed Sigmund
  2082 | D:2      | Reached skill level 5 in Fighting
  2082 | D:2      | Reached XP level 5. HP: 25/44 MP: 6/6
  2082 | D:2      | Reached XP level 6. HP: 29/51 MP: 7/7
  2488 | D:2      | Noticed Terence
  2509 | D:2      | HP: 1/51 [poisoned by Terence]
  2509 | D:2      | Slain by Terence

Illustrated notes

Levels and vault maps discovered:
D:1:      wander_arrival_abandoned_jail, layout_basic,
          chequers_ecumenical_altar_island, hex_tiny, minmay_hexomino_r4
D:2:      layout_loops_corners, amethyst_killhole, uniq_terence, uniq_sigmund,
          uniq_crazy_yiuf_cottage

Skill      XL: |  1  2  3  4 |
---------------+-------------+-----
Fighting       | 4 5 |  5.4
Axes           | 3 4 |  4.4
Armour         | |  2.1
Dodging        | |  0.8
Invocations    | |  2.1

Action                   |  1- 3 |  4- 6 || total
-------------------------+-------+-------++-------
Melee: Hand axe          |    89 |    40 ||   129
       Punch             |     1 |       ||     1
Throw: Stone             |    12 |     4 ||    16
Invok: Depart the Abyss  |     1 |       ||     1
  Use: Potion            |       |     7 ||     7
Armor: Leather armour    |    22 |     3 ||    25
       Skin              |       |    11 ||    11
Dodge: Dodged            |    50 |    29 ||    79
